 Dungeon Crawl Stone Soup version 0.32-a0-576-g706899e69d (webtiles) character file.

Game seed: 5987587412347738677

35 Sobieck the Covered (level 3, 31/31 HPs)
             Began as a Mountain Dwarf Fighter on Mar 1, 2024.
             Got out of the dungeon alive.
             The game lasted 00:01:49 (1066 turns).

Sobieck the Covered (Mountain Dwarf Fighter)        Turns: 1066, Time: 00:01:49

Health: 31/31      AC:  6    Str: 18    XL:     3   Next: 16%
Magic:  3/3        EV:  9    Int:  8    God:
Gold:   48         SH:  4    Dex: 11    Spells: 2/2 levels left

rFire   . . .        a - +0 war axe
rCold   . . .        c - +0 buckler
rNeg    . . .        b - +0 scale mail
rPois   .            (no helmet)
rElec   .            (no cloak)
rCorr   .            (no gloves)
SInv    .            (no boots)
Will    .....        (no amulet) Stlth
                     (no ring)
HPRegen 0.25/turn    (no ring)
MPRegen 0.08/turn

%: no passive effects
@: no status effects
A: runic magic, artefact enchanting
a: no special abilities


You escaped.
You visited 1 branch of the dungeon, and saw 2 of its levels.

You collected 48 gold pieces.

Inventory:

Hand Weapons
 a - a +0 war axe (weapon)
Missiles
 j - 17 stones
 t - 2 boomerangs (quivered)
Armour
 b - a +0 scale mail (worn)
 c - a +0 buckler (worn)
Magical Staves
 g - a staff of fire
Scrolls
 e - 3 scrolls of identify {unknown}
 f - 2 scrolls of immolation {unknown}
 h - a scroll of fog {unknown}
 i - a scroll of noise {unknown}
 k - a scroll of blinking {unknown}
Potions
 d - a potion of might
 l - a potion of haste {unknown}
 m - a potion of mutation {unknown}
 n - a potion of ambrosia {unknown}


   Skills:
 + Level 3.6 Fighting
 * Level 3.3 Axes
 + Level 3.6 Armour
 + Level 3.6 Shields


You had 2 spell levels left.
You didn't know any spells.
Your spell library was empty.

Dungeon Overview and Level Annotations

Branches:
Dungeon (2/15)

Altars:

Shops:
D:2 :


Innate Abilities, Weirdness & Mutations

Your spellcasting is much less encumbered by armour.
You can use scrolls of enchantment on lesser artefacts.


Message History

a +0 club; a ball python corpse; a goblin corpse
k - a scroll labelled WENONO DEAPEPN
Things that are here:
a +0 club; a ball python corpse; a goblin corpse You see here a hobgoblin corpse.
You see here a +0 ring mail.
You now have 48 gold pieces (gained 14).
A ball python comes into view.
The ball python hisses angrily.
A ball python is nearby!
You block the ball python's attack. x2
You barely miss the ball python. The ball python bites you.
The ball python grabs you. The ball python constricts you.
The ball python bites you but does no damage.
The ball python constricts you.
You barely miss the ball python. The ball python bites you.
The ball python constricts you. You block the ball python's attack.
The ball python constricts you.
You hit the ball python.
The ball python is moderately wounded.
The ball python bites you. The ball python constricts you.
You barely miss the ball python.
The ball python is moderately wounded.
You block the ball python's attack. The ball python constricts you.
The ball python bites you. The ball python constricts you.
You hit the ball python.
You kill the ball python!
No target in view!
No target in view!
You see here a ball python corpse.
l - a puce potion
m - a fuming amethyst potion
n - a green potion No target in view!
Found Letzil's Book Boutique.
There is an entrance to Letzil's Book Boutique here.
Unknown command.
Unknown command.
What level of the Dungeon? (default 2, ? - help)
Okay, then.
What level of the Dungeon? (default 2, ? - help)
There is a stone staircase leading up here.
You climb upwards.
There is a stone staircase leading down here.
There is an open door here.
There is a dry fountain here.
There is an open door here.
There is an open door here.
There is a staircase leading out of the dungeon here.
You have escaped!

#..................†....
#...................##.#
#...................##.#
#...................##.#
#.................####.#
#.................# #.#
#............>..[.####.#
#############+#...#.....
#⌠≈≈@..# #.#...#.....
#≈≈≈...# #.#...#.....
#≈≈≈...# #.#####.....
#≈≈.##.# #.# #.....
#≈..##.# #.## #.....
#......###..####.....
#⌠.....'......###....
#......######..##....
#...##.# ##...#...


There were no monsters in sight!

Vanquished Creatures
  4 ball pythons
  2 bats (D:1)
  3 endoplasms (D:1)
  3 goblins
  6 hobgoblins
  2 kobolds (D:1)
  3 quokkas (D:1)
  5 frilled lizards (D:1)
  2 rats (D:1)
30 creatures vanquished.

Notes
Turn   | Place    | Note
-------+----------+-------------------------------------------
     0 | D:1      | Sobieck the Mountain Dwarf Fighter began the quest for the
                  | Orb.
     0 | D:1      | Reached XP level 1. HP: 19/19 MP: 1/1
   134 | D:1      | Reached XP level 2. HP: 23/26 MP: 2/2
   161 | D:1      | Reached skill level 3 in Axes
   713 | D:1      | Found a faded altar of an unknown god.
   737 | D:1      | Reached XP level 3. HP: 31/31 MP: 3/3
   988 | D:2      | Found Letzil's Book Boutique.
  1066 | D:$      | Got out of the dungeon alive.

Illustrated notes

Levels and vault maps discovered:
D:1:      amcnicky_arrival_flooded_fountain, layout_basic,
          chequers_ecumenical_altar_island, palyth_stone_intersect,
          grunt_decor_mini_mirrors
D:2:      layout_loops_ring, serial_shops, shop, minmay_splitting_lines

Skill      XL: |  1  2 |
---------------+-------+-----
Axes           | 3 |  3.3
Fighting       | |  3.6
Armour         | |  3.6
Shields        | |  3.6

Action                     || total
---------------------------++-------
  Melee: War axe           ||    90
 Armour: Scale mail        ||    60
  Dodge: Dodged            ||    42
  Block: Buckler           ||    24

Table legend: (Time is in decaauts)
 A = Elapsed time spent in this place.
 B = Non-inter-level travel time spent in this place.
 C = Inter-level travel time spent in this place.
 D = Time resting spent in this place.
 E = Time spent auto-exploring this place.
 F = Levels seen in this place.
 G = Mean time per level.
                   A        B        C        D        E       F      G
               +--------+--------+--------+--------+--------+-----+--------+
         Total |   1103 |   1023 |     80 |      0 |    809 |   2 |  551.5 |
       Dungeon |   1103 |   1023 |     80 |      0 |    809 |   2 |  551.5 |
               +--------+--------+--------+--------+--------+-----+--------+

Top non-repeatable levels by time:
     D:1: 942 daAuts
     D:2: 161 daAuts
